[Event "Titled Tuesday Blitz January 18 2022"]
[White "Brodowski, Piotr"]
[Black "Nilsen, Tobias Lang"]
[WhiteFideId "1124480"]
[BlackFideId "1521624"]
[WhiteElo "2422"]
[BlackElo "2013"]
[Result "1-0"]
[Round "08"]
[TimeControl "180+1"]
[Date "2022.01.18"]
[WhiteClock "0:00:06"]
[BlackClock "0:00:19"]

1. c4 c5 2. Nc3 g6 3. h4 h6 4. d3 Bg7 5. g3 Nc6 6. Bg2 d6 7. Nf3 e6 8. O-O Nge7 9. Bd2 O-O 10. a3 b6 11. h5 g5 12. Nh2 Bb7 13. Rb1 Qd7 14. b4 Rac8 15. bxc5 dxc5 16. Nf3 Nf5 17. Qa4 Rfd8 18. Rfd1 Nfd4 19. Nxd4 Bxd4 20. Nb5 Bg7 21. Nxa7 Nxa7 22. Qxa7 Bxg2 23. Qxd7 Rxd7 24. Kxg2 Ra7 25. Rb3 Ra6 26. Rdb1 Bf6 27. Rxb6 Rxa3 28. Be3 Ra2 29. Kf3 Kg7 30. g4 Be5 31. Rb7 Kf6 32. Rd7 Rb2 33. Rxb2 Bxb2 34. Rb7 Be5 35. Rb5 Bd6 36. Ke4 Ke7 37. Rb7+ Kf6 38. Bd2 Be5 39. Bc1 Bd4 40. Bb2 Bxb2 41. Rxb2 Rc7 42. Rb8 Kg7 43. e3 Kf6 44. Rh8 Kg7 45. Rd8 Kf6 46. f4 gxf4 47. Kxf4 Ra7 48. Rc8 Ra3 49. Ke4 Ra5 50. Rc7 Kg7 51. d4 cxd4 52. exd4 Rg5 53. Kf4 Ra5 54. c5 Kf6 55. Rd7 Ra1 56. c6 Rc1 57. c7 e5+ 58. dxe5+ Ke6 59. Rd6+ Ke7 60. Rxh6 Rxc7 61. Rd6 Kf8 62. h6 Kg8 63. Kg5 Kh7 64. Kh5 Rc5 65. Rd7 Rxe5+ 66. g5 Rf5 67. Re7 Kg8 68. Kg4 Rf1 69. Re8+ Kh7 70. Rf8 Rg1+ 71. Kf5 Rf1+ 72. Ke5 Re1+ 73. Kf6 Rf1+ 74. Ke7 Kg6 75. Rg8+ Kh7 76. Rg7+ Kh8 77. Rxf7 Ra1 78. Rf5 Ra6 79. Kf7 Ra7+ 80. Kg6 Ra6+ 81. Kh5 Ra8 82. g6 Rb8 83. Ra5 Kg8 84. Rc5 Re8 85. Kg5 Rd8 86. Rb5 Rc8 87. Kf6 Rc6+ 88. Kg5 Rc8 89. Re5 Rb8 90. Kf6 Rf8+ 91. Kg5 Rb8 92. h7+ Kh8 93. Kh6 Rb7 94. Re8# 1-0


[Site "https://www.chess.com"]

[Event "Titled Tuesday Blitz January 18 2022"]
[White "Cherniaiev, Tykhon"]
[Black "Omariev, Maksim"]
[WhiteFideId "14182360"]
[BlackFideId "4193423"]
[WhiteElo "2289"]
[BlackElo "2501"]
[Result "1-0"]
[Round "08"]
[TimeControl "180+1"]
[Date "2022.01.18"]
[WhiteClock "0:00:42"]
[BlackClock "0:00:03"]

1. Nf3 d5 2. c4 c6 3. b3 Nf6 4. Bb2 Bf5 5. g3 e6 6. Bg2 h6 7. O-O Be7 8. d4 Nbd7 9. Nc3 O-O 10. Re1 Re8 11. Nd2 a5 12. e4 dxe4 13. Ndxe4 Nxe4 14. Nxe4 a4 15. bxa4 Qa5 16. Nc3 Nb6 17. Qb3 Bf6 18. Rad1 Nxa4 19. Nxa4 Qxa4 20. Qxb7 Qxa2 21. Ra1 Qxc4 22. Rxa8 1-0


[Site "https://www.chess.com"]

[Event "Titled Tuesday Blitz January 18 2022"]
[White "Concio, Michael Jr."]
[Black "Chernomordik, Pavel"]
[WhiteFideId "5217873"]
[BlackFideId "2804530"]
[WhiteElo "1896"]
[BlackElo "2249"]
[Result "1-0"]
[Round "08"]
[TimeControl "180+1"]
[Date "2022.01.18"]
[WhiteClock "0:00:12"]
[BlackClock "0:00:05"]

1. e4 g6 2. h4 d5 3. exd5 Nf6 4. Nc3 Bg7 5. Bc4 c6 6. dxc6 Nxc6 7. Nf3 Bg4 8. Be2 e5 9. d3 Qe7 10. Bg5 O-O-O 11. Qd2 h6 12. Bxf6 Bxf6 13. O-O-O Bg7 14. Kb1 f5 15. Qe3 Kb8 16. Nd2 Bxe2 17. Nxe2 Rhe8 18. Nb3 Qf6 19. c3 Ne7 20. Rhe1 Qxh4 21. g3 Qf6 22. Qf3 Nd5 23. Nec1 Qc6 24. Qe2 Qb6 25. Qc2 a5 26. Re2 a4 27. Nd2 a3 28. Nc4 Qc5 29. Nxa3 Rc8 30. Nb3 Qa7 31. Nc4 b5 32. Nd6 Qb6 33. Nxe8 Rxe8 34. Rde1 Rc8 35. Qd2 g5 36. c4 bxc4 37. dxc4 Nb4 38. c5 Qb5 39. Qd6+ Rc7 40. Qb6+ Qxb6 41. cxb6 Rb7 42. Nc5 Re7 43. a3 Nd5 44. b7 e4 45. Rd1 Re5 46. Nd7+ Kc7 47. Nxe5 Kxb7 48. Rxd5 1-0


[Site "https://www.chess.com"]

[Event "Titled Tuesday Blitz January 18 2022"]
[White "Corrales Jimenez, Fidel"]
[Black "Kosteniuk, Alexandra"]
[WhiteFideId "3506690"]
[BlackFideId "4128125"]
[WhiteElo "2541"]
[BlackElo "2469"]
[Result "1-0"]
[Round "08"]
[TimeControl "180+1"]
[Date "2022.01.18"]
[WhiteClock "0:01:52"]
[BlackClock "0:01:07"]

1. e4 c6 2. d4 d5 3. e5 c5 4. dxc5 e6 5. Nf3 Bxc5 6. Bd3 Ne7 7. a3 Ng6 8. O-O a6 9. b4 Ba7 10. c4 dxc4 11. Bxc4 Qxd1 12. Rxd1 Nc6 13. Bb2 Bd7 14. Nbd2 O-O-O 15. Ne4 Bb8 16. Rac1 h6 17. a4 Be8 18. Nd6+ Bxd6 19. exd6 Kd7 20. b5 axb5 21. axb5 Na5 22. Bf1 Rc8 23. Rxc8 Kxc8 24. Bxg7 Rg8 25. Bxh6 f6 26. Be3 e5 27. g3 Nf4 28. Bb6 1-0


[Site "https://www.chess.com"]

[Event "Titled Tuesday Blitz January 18 2022"]
[White "Csonka, Balazs"]
[Black "Vokhidov, Shamsiddin"]
[WhiteFideId "742910"]
[BlackFideId "14204223"]
[WhiteElo "2404"]
[BlackElo "2611"]
[Result "0-1"]
[Round "08"]
[TimeControl "180+1"]
[Date "2022.01.18"]
[WhiteClock "0:00:02"]
[BlackClock "0:00:36"]

1. e4 c5 2. Nf3 d6 3. Bb5+ Nd7 4. O-O a6 5. Bd3 Ngf6 6. c3 b5 7. a4 Bb7 8. axb5 axb5 9. Rxa8 Qxa8 10. Bxb5 Bxe4 11. d4 Bc6 12. Na3 e6 13. dxc5 dxc5 14. Bg5 Be7 15. Bxf6 Nxf6 16. Bxc6+ Qxc6 17. Ne5 Qa8 18. Qf3 O-O 19. Nac4 Qxf3 20. Nxf3 Ra8 21. Rd1 Kf8 22. Nfe5 Ke8 23. Ne3 Bd8 24. g3 Bc7 25. N5c4 Ke7 26. Kf1 Ne4 27. Ke2 Ra2 28. Rc1 f5 29. f3 Nf6 30. Nc2 Ra4 31. Kd3 h5 32. Ra1 Rxa1 33. Nxa1 g5 34. Nb3 Nd7 35. Ke2 g4 36. Nc1 e5 37. b4 cxb4 38. cxb4 Ke6 39. b5 gxf3+ 40. Kxf3 e4+ 41. Kg2 Ne5 42. Nxe5 Kxe5 43. Ne2 Kd5 44. Kh3 Kc4 45. Kg2 Kd3 0-1


[Site "https://www.chess.com"]

[Event "Titled Tuesday Blitz January 18 2022"]
[White "Cunha, Lucas Aguiar"]
[Black "Santos Flores, Alberto"]
[WhiteFideId "2125404"]
[BlackFideId "3601234"]
[WhiteElo "2361"]
[BlackElo "2293"]
[Result "1-0"]
[Round "08"]
[TimeControl "180+1"]
[Date "2022.01.18"]
[WhiteClock "0:00:10"]
[BlackClock "0:00:04"]

1. e4 c5 2. Nf3 g6 3. d4 Bg7 4. d5 Nf6 5. Nc3 O-O 6. h3 d6 7. Bc4 e6 8. dxe6 Bxe6 9. Bxe6 fxe6 10. O-O Nc6 11. Bg5 h6 12. Bh4 Qe7 13. Qd2 Rad8 14. Rfe1 Qf7 15. Rad1 g5 16. Bg3 d5 17. exd5 exd5 18. Nb5 Ne4 19. Qe3 a6 20. Na3 Nxg3 21. fxg3 Nd4 22. Ne5 Qf5 23. c3 Nc6 24. Nxc6 bxc6 25. Qxc5 Rf6 26. Rf1 Qg6 27. Rxf6 Bxf6 28. Re1 d4 29. Qxc6 dxc3 30. Qc4+ Kg7 31. bxc3 Rd7 32. Kh2 Qd3 33. Qxd3 Rxd3 34. Re6 Rxc3 35. Rxa6 Be5 36. Kg1 Bxg3 37. Kf1 Re3 38. Nc2 Rc3 39. Nd4 Be5 40. Nf5+ Kf8 41. Nxh6 Rc2 42. Ng4 Bf4 43. a4 Ra2 44. a5 1-0


[Site "https://www.chess.com"]

[Event "Titled Tuesday Blitz January 18 2022"]
[White "Demchenko, Anton"]
[Black "Donchenko, Alexander"]
[WhiteFideId "4160258"]
[BlackFideId "24603295"]
[WhiteElo "2539"]
[BlackElo "2539"]
[Result "1/2-1/2"]
[Round "08"]
[TimeControl "180+1"]
[Date "2022.01.18"]
[WhiteClock "0:00:15"]
[BlackClock "0:00:07"]

1. e4 g6 2. d4 Bg7 3. Nf3 d6 4. Bc4 Nf6 5. Qe2 O-O 6. h3 c6 7. Bb3 e5 8. dxe5 dxe5 9. O-O Nbd7 10. c3 Qc7 11. Rd1 a5 12. a4 b6 13. Na3 Ba6 14. Bc4 Bxc4 15. Nxc4 Nc5 16. Ncxe5 Rfe8 17. Nd3 Nb3 18. Rb1 Rxe4 19. Qc2 Nxc1 20. Rbxc1 Nd5 21. Re1 Rae8 22. Rxe4 Rxe4 23. Rd1 Qe7 24. Kf1 Bf6 25. Re1 Kg7 26. Qb3 h5 27. c4 Nb4 28. Nxb4 axb4 29. Qc2 Rxe1+ 30. Nxe1 Bd4 31. b3 Qe5 32. Nf3 Qf6 33. h4 Bc5 34. Qe4 Qa1+ 35. Qe1 Qa2 36. Qe5+ Kg8 37. Qe8+ Kg7 38. Qe5+ Kg8 39. Qe8+ Bf8 40. Qe3 Qb1+ 41. Ke2 Qc2+ 42. Ke1 Bc5 43. Qe8+ Kg7 44. Qe5+ Kf8 45. Qb8+ Ke7 46. Qc7+ Kf8 47. Qb8+ Kg7 48. Qe5+ Kg8 49. Qe8+ Kg7 50. Qe5+ 1/2-1/2


[Site "https://www.chess.com"]

[Event "Titled Tuesday Blitz January 18 2022"]
[White "Doluhanova, Evgeniya"]
[Black "Cori T., Deysi"]
[WhiteFideId "14112035"]
[BlackFideId "3801934"]
[WhiteElo "2076"]
[BlackElo "2350"]
[Result "1-0"]
[Round "08"]
[TimeControl "180+1"]
[Date "2022.01.18"]
[WhiteClock "0:00:22"]
[BlackClock "0:00:13"]

1. e4 d6 2. d4 g6 3. Nd2 Bg7 4. Ngf3 Nd7 5. Bd3 e5 6. dxe5 dxe5 7. O-O Ne7 8. Nc4 O-O 9. Bg5 f6 10. Be3 Re8 11. Re1 Nf8 12. h3 Ne6 13. a4 c6 14. c3 Qc7 15. Qb3 Kh8 16. Rad1 b6 17. Ncd2 Bd7 18. Bc4 Nc8 19. Qc2 Nf4 20. Bxf4 exf4 21. e5 fxe5 22. Ne4 Bf5 23. Nfg5 Re7 24. Qd2 Rd7 25. Qxd7 Bxd7 26. Rxd7 Qxd7 27. Nf7+ Qxf7 28. Bxf7 Ne7 29. Rd1 Rf8 30. Be6 h6 31. Rd7 Nf5 32. Rxa7 Rd8 33. Rd7 Ra8 34. b3 b5 35. axb5 cxb5 36. c4 bxc4 37. bxc4 Nd4 38. Bf7 Kh7 39. Bd5 Ra1+ 40. Kh2 Rc1 41. Nf6+ Kh8 42. Rd8+ Bf8 43. Rxf8+ Kg7 44. Rf7+ Kh8 45. Rh7# 1-0


[Site "https://www.chess.com"]

[Event "Titled Tuesday Blitz January 18 2022"]
[White "FGHSMN"]
[Black "Jocev, Milan"]
[BlackFideId "900680"]
[WhiteElo "2745"]
[BlackElo "2322"]
[Result "0-1"]
[Round "08"]
[TimeControl "180+1"]
[Date "2022.01.18"]
[WhiteClock "0:00:11"]
[BlackClock "0:00:15"]

1. e4 c6 2. d4 d5 3. Nc3 dxe4 4. Nxe4 Bf5 5. Ng3 Bg6 6. h4 h6 7. N1e2 e5 8. Nf4 exf4 9. Bxf4 Bd6 10. Qe2+ Ne7 11. Bxd6 Qxd6 12. h5 Bh7 13. O-O-O O-O 14. Qg4 Nd5 15. Kb1 Nb4 16. Rd2 Qe6 17. Qxe6 fxe6 18. Bc4 Nd5 19. Re1 Rf6 20. Ne4 Bxe4 21. Rxe4 Nd7 22. g3 Raf8 23. f4 N7b6 24. Bf1 g5 25. hxg6 Rxg6 26. Rg2 Rf7 27. c4 Nf6 28. Rxe6 Kg7 29. Bd3 Rg4 30. Bf5 Nxc4 31. Bxg4 Nxg4 32. Rge2 Nf6 33. b3 Nb6 34. Kb2 Nbd5 35. Rd6 Rf8 36. Rde6 Kf7 37. f5 Rg8 38. Rh2 h5 39. Rh3 Rg4 40. Re2 Rxd4 41. Rhh2 Rg4 42. Rhg2 a5 43. a3 a4 44. bxa4 Rxa4 45. Kb3 Rg4 46. Rb2 b5 47. Rgc2 Rxg3+ 48. Ka2 Ne7 49. a4 bxa4 50. Rb4 Nfd5 51. Rd4 Nc3+ 52. Kb2 a3+ 53. Kc1 Rg1+ 54. Kd2 a2 55. Rxa2 Nxa2 56. Rh4 Rg5 57. Ra4 Nxf5 58. Ra7+ Kf6 59. Kd3 Rg2 60. Ke4 Rg4+ 61. Kf3 Nc3 62. Rc7 Ke5 63. Rxc6 Nd5 64. Rc8 Rf4+ 65. Ke2 h4 66. Re8+ Nde7 67. Rh8 Kf6 68. Rf8+ Kg5 69. Ra8 Ng6 70. Rh8 Rg4 71. Rg8 Rf4 72. Kd3 Kg4 73. Ke2 Ne7 74. Ra8 h3 75. Ra1 h2 76. Rh1 Kg3 77. Ra1 Kg2 78. Ke3 Nf5+ 79. Kd3 h1=Q 80. Rxh1 Kxh1 81. Kc3 Kg2 82. Kd3 Kf3 83. Kc3 Ke4 84. Kc4 Ke5+ 85. Kc5 Nge7 86. Kb6 Kd6 87. Kb7 Rb4+ 88. Ka6 Kc7 89. Ka5 Nc6+ 90. Ka6 Rb6# 0-1


[Site "https://www.chess.com"]

[Event "Titled Tuesday Blitz January 18 2022"]
[White "Firat, Burak"]
[Black "Plotkin, Mark"]
[WhiteFideId "6305881"]
[BlackFideId "2611651"]
[WhiteElo "2419"]
[BlackElo "2178"]
[Result "0-1"]
[Round "08"]
[TimeControl "180+1"]
[Date "2022.01.18"]
[WhiteClock "0:00:02"]
[BlackClock "0:00:09"]

1. Nf3 Nf6 2. c4 c6 3. d4 e6 4. e3 Be7 5. Bd3 O-O 6. O-O d5 7. b3 Nbd7 8. Nbd2 b6 9. Bb2 Bb7 10. Qc2 c5 11. Rad1 cxd4 12. exd4 Qc7 13. Rfe1 Rac8 14. a3 Rfd8 15. Qb1 Nf8 16. Ne5 Ng6 17. Ndf3 dxc4 18. bxc4 Nf4 19. Bf1 Bd6 20. d5 exd5 21. Ng5 Rf8 22. cxd5 h6 23. Ngxf7 Rxf7 24. Nxf7 Qxf7 25. Qf5 Rf8 26. g3 Bc8 27. Qc2 Nh3+ 28. Bxh3 Bxh3 29. Qe2 Re8 30. Qd3 Rxe1+ 31. Rxe1 Bc5 32. d6 Ng4 33. Bd4 Nxf2 34. Qe3 Qd5 35. Qxf2 Bxd4 36. Re8+ Kh7 37. d7 Qg2# 0-1


[Site "https://www.chess.com"]

[Event "Titled Tuesday Blitz January 18 2022"]
[White "Girya, Olga"]
[Black "Dauner, Benedikt"]
[WhiteFideId "4195752"]
[BlackFideId "16225899"]
[WhiteElo "2275"]
[BlackElo "2230"]
[Result "0-1"]
[Round "08"]
[TimeControl "180+1"]
[Date "2022.01.18"]
[WhiteClock "0:00:20"]
[BlackClock "0:01:31"]

1. d4 d5 2. c4 e6 3. Nf3 a6 4. cxd5 exd5 5. Nc3 Nf6 6. Bf4 c5 7. e3 Nc6 8. dxc5 Bxc5 9. Be2 O-O 10. O-O d4 11. exd4 Nxd4 12. Nxd4 Bxd4 13. Bf3 Qb6 14. Qc2 Bg4 15. Bxg4 Nxg4 16. h3 Nf6 17. Rad1 Rac8 18. Rd3 Bxc3 19. bxc3 Rc4 20. Be5 Re8 21. Bd4 Qc6 22. Qd2 Ne4 23. Qf4 Nxc3 24. Bxc3 Rxf4 0-1


[Site "https://www.chess.com"]

[Event "Titled Tuesday Blitz January 18 2022"]
[White "Golizadeh, Asghar"]
[Black "Coto Mederos, Michel"]
[WhiteFideId "12505269"]
[BlackFideId "3508528"]
[WhiteElo "2403"]
[BlackElo "2427"]
[Result "1-0"]
[Round "08"]
[TimeControl "180+1"]
[Date "2022.01.18"]
[WhiteClock "0:00:09"]
[BlackClock "0:00:17"]

1. e4 e5 2. Nc3 Nf6 3. Bc4 Nc6 4. d3 Bc5 5. f4 Ng4 6. Qxg4 d5 7. Qxg7 Rf8 8. Nxd5 Be7 9. Nxe7 Qxe7 10. Nf3 Bd7 11. Nxe5 O-O-O 12. Nxd7 Qxd7 13. Be3 Kb8 14. O-O-O Ne7 15. f5 Qd6 16. Qc3 Nc6 17. Bd5 Ne5 18. Bc5 Qh6+ 19. Kb1 Rfe8 20. d4 Ng4 21. Bxf7 Rxe4 22. Rhe1 Nf2 23. Rxe4 Nxe4 24. Qh3 Qxh3 25. gxh3 Nxc5 26. Re1 Nd7 27. c4 Nf6 28. Re6 Nd7 29. Kc2 c6 30. Re7 Nb6 31. Be6 Rf8 32. Rf7 Rxf7 33. Bxf7 Kc7 34. Bg8 h6 35. d5 cxd5 36. Bxd5 Nd7 37. Kd3 b6 38. Kd4 Kd6 39. b4 a5 40. a3 axb4 41. axb4 Nf6 42. Be6 Ne8 43. c5+ bxc5+ 44. bxc5+ Ke7 45. Ke5 Nf6 46. c6 Ne8 47. h4 h5 48. h3 Kf8 49. Bd7 Nc7 50. Kf4 Ke7 51. Kg5 Kf7 52. Kxh5 Kf6 53. Kg4 Nd5 54. h5 Ne3+ 55. Kf4 Nd5+ 56. Kg4 Ne3+ 57. Kf3 Nd5 58. h6 Nc7 59. Ke4 Nb5 60. Kd5 Nc7+ 61. Kc5 Nd5 62. Kxd5 Ke7 63. h7 Kf7 64. h8=Q Ke7 65. f6+ Kf7 66. Qg7# 1-0


[Site "https://www.chess.com"]

[Event "Titled Tuesday Blitz January 18 2022"]
[White "Goryachkina, Aleksandra"]
[Black "Demin, Vladimir"]
[WhiteFideId "4147103"]
[BlackFideId "4167457"]
[WhiteElo "2426"]
[BlackElo "2492"]
[Result "1-0"]
[Round "08"]
[TimeControl "180+1"]
[Date "2022.01.18"]
[WhiteClock "0:00:03"]
[BlackClock "0:00:02"]

1. e4 Nf6 2. e5 Nd5 3. d4 d6 4. Nf3 dxe5 5. Nxe5 g6 6. c4 Nb6 7. Nc3 Bg7 8. Be2 O-O 9. Be3 Be6 10. b3 c5 11. f4 cxd4 12. Bxd4 N6d7 13. Nxd7 Bxd4 14. Qxd4 Qxd7 15. Qxd7 Nxd7 16. O-O Rad8 17. Rfd1 Nf6 18. Bf3 b6 19. h3 h5 20. Nb5 a6 21. Nc7 Bc8 22. b4 Rd7 23. Na8 Rxd1+ 24. Rxd1 Nd7 25. Rxd7 Bxd7 26. Nxb6 Be6 27. a4 Rd8 28. a5 Rd2 29. b5 Ra2 30. bxa6 Rxa5 31. Bb7 Kf8 32. c5 Ke8 33. c6 Kd8 34. Na8 Bc8 35. c7+ Kd7 36. Nb6+ Kxc7 37. Nxc8 e5 38. fxe5 Rxe5 39. Kf2 f5 40. Kf3 g5 41. Na7 Rc5 42. Ke3 Rc2 43. Nb5+ Kb6 44. Nd4 Rc3+ 45. Kd2 Rc5 46. Kd3 g4 47. hxg4 fxg4 48. g3 Ra5 49. Ke4 Ra3 50. Nf5 h4 51. gxh4 g3 52. Kf4 Rxa6 53. Bg2 Ra3 54. Nxg3 Ra4+ 55. Kg5 Kc7 56. h5 Kd7 57. h6 Ke7 58. Nf5+ Kf7 59. Bd5+ Kf8 60. h7 1-0


[Site "https://www.chess.com"]

[Event "Titled Tuesday Blitz January 18 2022"]
[White "Gracia Alvarez, Gerardo Antonio"]
[Black "Costachi, Mihnea"]
[WhiteFideId "5109124"]
[BlackFideId "1217518"]
[WhiteElo "2139"]
[BlackElo "2464"]
[Result "0-1"]
[Round "08"]
[TimeControl "180+1"]
[Date "2022.01.18"]
[WhiteClock "0:00:05"]
[BlackClock "0:00:48"]

1. e4 c5 2. Be2 g6 3. d3 Bg7 4. f4 Nc6 5. Nf3 e6 6. O-O d5 7. Qe1 Nge7 8. c3 b6 9. e5 d4 10. Nbd2 Nf5 11. Ne4 h5 12. Bd2 Bb7 13. Qf2 Qe7 14. a4 a5 15. Ra3 Rd8 16. Rb3 Qc7 17. Nfg5 Nce7 18. c4 Bc6 19. Ra3 Ng8 20. g3 Bh6 21. h3 Bxg5 22. fxg5 Bxe4 23. dxe4 Ng7 24. Rb3 Rd7 25. Bd3 Rh7 26. Kg2 Kd8 27. Bf4 Ne7 28. g4 Nc6 29. Qg3 Nb4 30. Bd2 Nc6 31. Bf4 Ne8 32. Rh1 Kc8 33. Ra3 Kb7 34. Raa1 Qd8 35. Raf1 Nc7 36. Rd1 Na6 37. Rdf1 Nab4 38. Rf3 Qc7 39. b3 Rd8 40. Rhf1 hxg4 41. hxg4 Rdh8 42. Kg1 Rh1+ 43. Kg2 R1h4 44. Be2 R4h7 45. Kg1 Nd8 46. Bd1 Qc6 47. Bd2 Qxe4 48. Bxb4 axb4 49. Rxf7+ Ka6 50. Rxh7 Rxh7 51. Bf3 Qe3+ 52. Kg2 Ka7 53. Re1 Qxb3 54. Rh1 Qc2+ 55. Qf2 Qxf2+ 56. Kxf2 Rxh1 57. Bxh1 Nf7 58. Be4 Nxe5 59. Bxg6 Nxg6 0-1


[Site "https://www.chess.com"]

[Event "Titled Tuesday Blitz January 18 2022"]
[White "Hakobyan, Aram"]
[Black "Savchenko, Boris"]
[WhiteFideId "13306677"]
[BlackFideId "4147332"]
[WhiteElo "2557"]
[BlackElo "2512"]
[Result "1-0"]
[Round "08"]
[TimeControl "180+1"]
[Date "2022.01.18"]
[WhiteClock "0:00:09"]
[BlackClock "0:00:08"]

1. d4 Nf6 2. c4 g6 3. Nc3 d5 4. Nf3 Bg7 5. h4 O-O 6. cxd5 Nxd5 7. h5 Bf5 8. hxg6 hxg6 9. e4 Nxc3 10. bxc3 Bxe4 11. Ng5 Bf5 12. Qf3 Nc6 13. Rh4 e5 14. d5 e4 15. Qg3 Qd6 16. Bf4 Qa3 17. Rc1 e3 18. Bxe3 Rfe8 19. Be2 Ne5 20. Qh2 Kf8 21. Rh8+ Ke7 22. Rh7 Bf6 23. Nxf7 Nxf7 24. Qxc7+ Bd7 25. Bc5+ Qxc5 26. Qxc5+ Kd8 27. Rxf7 Be5 28. Kf1 Rc8 1-0


[Site "https://www.chess.com"]

[Event "Titled Tuesday Blitz January 18 2022"]
[White "Halkias, Stelios"]
[Black "Guseva, Marina"]
[WhiteFideId "4201809"]
[BlackFideId "4149351"]
[WhiteElo "2453"]
[BlackElo "2232"]
[Result "1-0"]
[Round "08"]
[TimeControl "180+1"]
[Date "2022.01.18"]
[WhiteClock "0:00:21"]
[BlackClock "0:00:05"]

1. Nf3 Nf6 2. c4 e6 3. g3 d5 4. d4 Bb4+ 5. Nbd2 O-O 6. Bg2 b6 7. O-O Bb7 8. Ne5 Re8 9. Qa4 Bf8 10. Rd1 a6 11. cxd5 exd5 12. Ndf3 h6 13. Bf4 Bd6 14. Rac1 Ne4 15. Nd3 Nd7 16. Bxd6 Nxd6 17. Nfe5 Nf6 18. e3 Nfe4 19. Qc2 Rc8 20. f3 Ng5 21. Qf2 Ne6 22. Bh3 c6 23. Nf4 Rc7 24. Bxe6 fxe6 25. g4 c5 26. Qg3 cxd4 27. exd4 Rxc1 28. Rxc1 Qf6 29. Nfd3 Rc8 30. Re1 Rc7 31. h4 Qd8 32. Qf2 Bc8 33. Qd2 a5 34. Rc1 Rxc1+ 35. Qxc1 Ba6 36. Qc6 Bxd3 37. Nxd3 Kh8 38. Ne5 Nc4 39. Nf7+ 1-0


[Site "https://www.chess.com"]

[Event "Titled Tuesday Blitz January 18 2022"]
[White "Hjartarson, Johann"]
[Black "Shipov, Sergei"]
[WhiteFideId "2300044"]
[BlackFideId "4113624"]
[WhiteElo "2484"]
[BlackElo "2788"]
[Result "1-0"]
[Round "08"]
[TimeControl "180+1"]
[Date "2022.01.18"]
[WhiteClock "0:00:13"]
[BlackClock "0:00:35"]

1. c4 Nf6 2. Nc3 c5 3. g3 e6 4. Nf3 b6 5. Bg2 Bb7 6. O-O Be7 7. Re1 d6 8. e4 a6 9. d4 cxd4 10. Nxd4 Qc7 11. Be3 O-O 12. Rc1 Re8 13. f4 Nbd7 14. g4 g6 15. g5 Nh5 16. f5 Bf8 17. fxe6 fxe6 18. b3 Ne5 19. Rf1 Rad8 20. Qe2 Qe7 21. Rf2 Bg7 22. Rcf1 Rc8 23. Bh3 Qd7 24. Nd5 Rc6 25. Bg4 Kh8 26. Nxc6 Qxc6 27. Bxh5 exd5 28. cxd5 Qd7 29. Bf3 Bc8 30. Bg2 Qg4 31. h3 Qh4 32. Rf4 Qg3 33. Qf2 Qxf2+ 34. R4xf2 b5 35. Kh1 Kg8 36. Bd4 Nd3 37. Rd2 Bxd4 38. Rxd3 Be5 39. Rc1 Bf4 40. Rc6 Bd7 41. Rc7 Rd8 42. h4 Kg7 43. Bh3 1-0


[Site "https://www.chess.com"]

[Event "Titled Tuesday Blitz January 18 2022"]
[White "Howell, David W L"]
[Black "Jobava, Baadur"]
[WhiteFideId "410608"]
[BlackFideId "13601520"]
[WhiteElo "2559"]
[BlackElo "2617"]
[Result "1/2-1/2"]
[Round "08"]
[TimeControl "180+1"]
[Date "2022.01.18"]
[WhiteClock "0:00:51"]
[BlackClock "0:00:46"]

1. e4 e5 2. Nf3 Nf6 3. d4 exd4 4. e5 Ne4 5. Qxd4 d5 6. exd6 Nxd6 7. Nc3 Nc6 8. Qf4 g6 9. Bd2 Bg7 10. O-O-O O-O 11. h4 h5 12. Bd3 Bg4 13. Rhe1 a5 14. a3 Qd7 15. Ne4 Nxe4 16. Bxe4 Qe6 17. Kb1 Nb4 18. b3 Nd5 19. Bxd5 Qxd5 20. Bc3 Qc5 21. Bxg7 Kxg7 22. Kb2 Rfe8 23. Rxe8 Rxe8 24. Rd2 Bxf3 25. Qxf3 b6 26. g3 Re7 27. a4 1/2-1/2


[Site "https://www.chess.com"]

[Event "Titled Tuesday Blitz January 18 2022"]
[White "Iljushina, Olga"]
[Black "Golubka, Petro"]
[WhiteFideId "4152280"]
[BlackFideId "14114224"]
[WhiteElo "1937"]
[BlackElo "2392"]
[Result "0-1"]
[Round "08"]
[TimeControl "180+1"]
[Date "2022.01.18"]
[WhiteClock "0:00:21"]
[BlackClock "0:01:52"]

1. d4 d5 2. c4 e6 3. Nc3 dxc4 4. e3 c5 5. Bxc4 Nf6 6. Nf3 a6 7. O-O b5 8. Be2 Bb7 9. a3 Nbd7 10. dxc5 Bxc5 11. b4 Be7 12. Bb2 O-O 13. Qb3 Nb6 14. Rfd1 Qb8 15. Rd2 Rc8 16. Rad1 h6 17. Nd4 Bf8 18. Bf3 Nc4 19. Rc2 e5 20. Nf5 Bxf3 21. gxf3 g6 22. Ng3 Qb7 23. Nce4 Nxe4 24. fxe4 Rd8 25. Rcc1 h5 26. f3 Nd2 27. Rxd2 Rxd2 28. Bxe5 Rc8 29. Qb1 Qd7 30. Nf1 Rxc1 31. Qxc1 Rd1 32. Qc3 Qh3 0-1


[Site "https://www.chess.com"]

[Event "Titled Tuesday Blitz January 18 2022"]
[White "Indjic, Aleksandar"]
[Black "Wagner, Dennis"]
[WhiteFideId "911925"]
[BlackFideId "24650684"]
[WhiteElo "2616"]
[BlackElo "2355"]
[Result "0-1"]
[Round "08"]
[TimeControl "180+1"]
[Date "2022.01.18"]
[WhiteClock "0:00:12"]
[BlackClock "0:00:35"]

1. d4 Nf6 2. Nc3 d5 3. Bf4 c5 4. e3 cxd4 5. exd4 Bg4 6. Qd2 Nc6 7. f3 Bd7 8. Bb5 e6 9. Nge2 a6 10. Bd3 Nb4 11. g4 Nxd3+ 12. Qxd3 Rc8 13. h4 Be7 14. h5 h6 15. Kf2 b5 16. a3 Qb6 17. Be3 a5 18. Ng3 b4 19. axb4 axb4 20. Nce2 Bb5 21. Qd2 Nh7 22. Nf4 O-O 23. Nd3 Bxd3 24. Qxd3 Rc6 25. Ne2 Rfc8 26. c3 Bg5 27. Ra4 Bxe3+ 28. Qxe3 bxc3 29. bxc3 Ng5 30. Rha1 Qc7 31. Kg2 Rb6 32. Ra7 Rb7 33. Rxb7 Qxb7 34. Qc1 Qb5 35. Qd2 Qb3 36. Ra2 Qc4 37. Rb2 Ra8 38. Rb4 Qa6 39. Ng3 Rc8 40. f4 Ne4 41. Nxe4 dxe4 42. Kf2 Qa3 43. g5 Rxc3 44. Rb8+ Kh7 45. g6+ fxg6 46. hxg6+ Kxg6 47. f5+ exf5 48. Qe2 Rf3+ 49. Kg2 Rg3+ 50. Kf2 Qf3+ 51. Qxf3 Rxf3+ 52. Ke2 Rd3 0-1


[Site "https://www.chess.com"]

[Event "Titled Tuesday Blitz January 18 2022"]
[White "Ivanisevic, Ivan"]
[Black "Mickiewicz, Piotr"]
[WhiteFideId "912417"]
[BlackFideId "1114891"]
[WhiteElo "2495"]
[BlackElo "2266"]
[Result "1-0"]
[Round "08"]
[TimeControl "180+1"]
[Date "2022.01.18"]
[WhiteClock "0:00:08"]
[BlackClock "0:00:01"]

1. e4 c5 2. Nc3 e6 3. f4 Nc6 4. Nf3 d6 5. Bb5 Bd7 6. O-O Be7 7. d3 a6 8. Bxc6 Bxc6 9. Qe1 b5 10. Bd2 b4 11. Nd1 Nf6 12. Ne3 O-O 13. a3 a5 14. f5 Nd7 15. Qg3 d5 16. e5 Kh8 17. axb4 cxb4 18. fxe6 fxe6 19. Nd4 Qc7 20. Nxe6 Qxe5 21. Nxf8 Qxg3 22. hxg3 Bxf8 23. Nf5 Bc5+ 24. Be3 Bf8 25. Bd4 a4 26. Rfe1 Kg8 27. Re6 Bb5 28. Nd6 Nf6 29. Bxf6 1-0


[Site "https://www.chess.com"]

[Event "Titled Tuesday Blitz January 18 2022"]
[White "Ivanov, Oleg"]
[Black "Kavyev, Ruslan"]
[WhiteFideId "4103114"]
[BlackFideId "34110981"]
[WhiteElo "2830"]
[BlackElo "2182"]
[Result "1-0"]
[Round "08"]
[TimeControl "180+1"]
[Date "2022.01.18"]
[WhiteClock "0:00:11"]
[BlackClock "0:00:51"]

1. c4 Nf6 2. g3 g6 3. Bg2 Bg7 4. Nf3 O-O 5. O-O c5 6. Nc3 Nc6 7. d4 cxd4 8. Nxd4 Ng4 9. Nxc6 bxc6 10. Qc2 Rb8 11. b3 Qa5 12. Bb2 Qh5 13. h3 Ne5 14. f4 Nxc4 15. bxc4 Qc5+ 16. Kh2 Qxc4 17. Rac1 Ba6 18. Ba1 Rb4 19. Rfd1 Rfb8 20. Rxd7 Qe6 21. Rcd1 h5 22. Rd8+ Rxd8 23. Rxd8+ Kh7 24. e4 h4 25. g4 Qf6 26. Qd2 Rc4 27. e5 Qxf4+ 28. Qxf4 Rxf4 29. Ne4 Bc4 30. Bd4 Bd5 31. Ng5+ Kh6 32. Be3 Kxg5 33. Bxd5 cxd5 34. Rxd5 e6 35. Ra5 Bh8 36. Kg2 Bg7 37. a4 Bh8 38. Rxa7 Bxe5 39. Rxf7 Bd6 40. a5 e5 41. a6 1-0


[Site "https://www.chess.com"]